 Dungeon Crawl Stone Soup version 0.21-a0-460-g737a915 (webtiles) character file.

43 4thArraOfDagon the Firebug (level 3, 0/19 HPs)
             Began as a Tengu Fire Elementalist on Nov 20, 2017.
             Slain by a howler monkey (7 damage)
             ... on level 4 of the Dungeon.
             The game lasted 00:02:30 (398 turns).

4thArraOfDagon the Firebug (Tengu Fire Elementalist) Turns: 398, Time: 00:02:31

Health: 0/19       AC:  2    Str:  8    XL:     3   Next: 58%
Magic:  5/7        EV: 12    Int: 16    God:
Gold:   60         SH:  0    Dex: 14    Spells: 5/6 levels left

rFire    . . .     SeeInvis .   g - +0 flail
rCold    . . .     Gourm    .   (no shield)
rNeg     . . .     Faith    .   a - +0 robe
rPois    .         Spirit   .   (helmet restricted)
rElec    .         Reflect  .   (no cloak)
rCorr    .         Harm     .   (no gloves)
MR       .....                  (boots unavailable)
Stlth    ++........             (no amulet)
HPRegen  0.06/turn              (no ring)
MPRegen  0.10/turn              (no ring)

@: no status effects
A: beak, talons 3
a: no special abilities


You were on level 4 of the Dungeon.
You were not hungry.

You visited 1 branch of the dungeon, and saw 5 of its levels.

You collected 60 gold pieces.

Inventory:

Hand Weapons
 g - a +0 flail (weapon)
Armour
 a - a +0 robe (worn)
Scrolls
 d - a scroll of blinking {unknown}
 j - a scroll of teleportation {unknown}
Potions
 e - a potion of heal wounds {unknown}
 f - a potion of agility {unknown}
 h - 2 potions of lignification {unknown}
Books
 b - a book of Flames

   Spells                             Type                      Level
   a - Flame Tongue                   Conjuration/Fire             1
   b - Throw Flame                    Conjuration/Fire             2
   c - Conjure Flame                  Conjuration/Fire             3
   d - Inner Flame                    Hexes/Fire                   3
   e - Sticky Flame                   Conjuration/Fire             4
   f - Fireball                       Conjuration/Fire             5
Comestibles
 c - a bread ration
 i - a meat ration


   Skills:
 - Level 2.1 Dodging
 - Level 2.0 Stealth
 + Level 2.3 Spellcasting
 * Level 3.0 Conjurations
 * Level 4.0 Fire Magic


You had 5 spell levels left.
You knew the following spells:

 Your Spells              Type           Power        Failure   Level  Hunger
a - Flame Tongue          Conj/Fire      ##...        4%          1    #......


Dungeon Overview and Level Annotations

Branches:
Dungeon (5/15)
 Temple: D:4-7

Altars:
Qazlal
Zin

Annotations:
D:2 Robin


Innate Abilities, Weirdness & Mutations

You have a beak for a mouth.
You have claws for feet.


Message History

The howler monkey closely misses you.
There is a stone staircase leading down here.
Unknown command.
Unknown command.
The howler monkey hits you.
You climb downwards.
A quasit and a zombie come into view.
There is a stone staircase leading up here.
Unknown command.
The quasit gives a chilling moan.
The howler monkey closely misses you. The quasit closely misses you.
The quasit barely misses you. The quasit misses you.
The worker ant zombie bites you.
You climb upwards.
The worker ant twitches its antennae in your direction.
There is a stone staircase leading down, spattered with blood here.
Unknown command.
Unknown command.
The howler monkey hits you!
You die...

#........ #.#### ......h..
.........####..$.....
...........##........
..#.###.#.##h#
.............# #### #
#.#.###......# ##... #.
#.#.# ###.##..##....
#..##.#@# #.#####.....
#>..>ah># #.# #..._.
#..##.### #†# #..... #.#
#.# ###....
##..##.#######.####.##...
#...............).....##.#
...)....###....######....#
#.##.#### #.#### ###### #.
#.#


You could see a howler monkey and a worker ant.

Vanquished Creatures
  A hound (D:4)
  An orc (D:3)
  A bat (D:1)
  A giant cockroach (D:1)
  2 goblins (D:3)
  2 hobgoblins (D:3)
  A quokka (D:4)
  A frilled lizard (D:1)
  A rat (D:3)
11 creatures vanquished.

Notes
Turn   | Place    | Note
-------+----------+-------------------------------------------
     0 | D:1      | 4thArraOfDagon the Tengu Fire Elementalist began the quest for the Orb.
     0 | D:1      | Reached XP level 1. HP: 10/10 MP: 4/4
    67 | D:2      | Found a stormy altar of Qazlal.
    73 | D:2      | You fall through a shaft!
   183 | D:2      | Noticed Robin
   187 | D:3      | Reached XP level 2. HP: 5/15 MP: 3/6
   349 | D:4      | Found a glowing silver altar of Zin.
   369 | D:4      | Noticed a howler monkey
   379 | D:4      | Reached skill level 4 in Fire Magic
   379 | D:4      | Reached XP level 3. HP: 11/19 MP: 3/7
   395 | D:5      | Entered Level 5 of the Dungeon
   398 | D:4      | Slain by a howler monkey

Vault maps used:
D:1:      lemuel_arrival_funnel
D:2:      minmay_door_path, grunt_qazlal_sundering, uniq_robin
D:3:      nicolae_gozag_seed_capital, first_bread,
          chequers_ecumenical_altar_lobes, minivault_25,
          minmay_misc_feat_enclosed, grunt_ministairs_10, uniq_jessica
D:4:      lemuel_round_altar, minmay_temple_entry_purple_smoke, minmay_cut_off
D:5:      uniq_ijyb

Skill      XL: |  1  2 |
---------------+-------+-----
Conjurations   | 2 3 |  3.0
Fire Magic     | 4 |  4.0
Dodging        | |  2.1
Stealth        | |  2.0
Spellcasting   | |  2.3

Action                   || total
-------------------------++-------
Melee: Unarmed           ||     6
       Kick              ||     1
 Cast: Flame Tongue      ||    22
Armor: Robe              ||     4
Dodge: Dodged            ||    20

Table legend:
 A = Spawn XP
 B = Non-spawn XP
 C = Spawn XP percentage of total XP
 D = Spawn monster count
 E = Non-spawn monster count
 F = Spawn count percentage of total count
 G = Total turns spent on level
                    A         B        C        D         E        F      G
               +---------+---------+-------+---------+---------+-------+---------
         Total |       0 |      62 |   0.0 |       0 |      11 |   0.0 |   398
               +---------+---------+-------+---------+---------+-------+---------
           D:1 |       0 |       5 |   0.0 |       0 |       3 |   0.0 |    67
           D:3 |       0 |      12 |   0.0 |       0 |       6 |   0.0 |   194
           D:4 |       0 |      45 |   0.0 |       0 |       2 |   0.0 |   125
               +---------+---------+-------+---------+---------+-------+---------
